 Dungeon Crawl Stone Soup version 0.24-a0-264-gf46a388 (webtiles) character file.

Game seed: 2010057555915217936

115 Hasart the Cutter (level 5, -3/32 HPs)
             Began as a Kobold Gladiator on Apr 20, 2019.
             Was an Initiate of Ru.
             Slain by a phantom (7 damage)
             ... on level 4 of the Dungeon.
             The game lasted 00:05:08 (1934 turns).

Hasart the Cutter (Kobold Gladiator)                Turns: 1934, Time: 00:05:09

Health: -3/32      AC:  4    Str: 14    XL:     5   Next: 20%
Magic:  5/5        EV: 18    Int:  9    God:    Ru [......]
Gold:   122        SH:  5    Dex: 18    Spells: 4/4 levels left

rFire    . . .     SeeInvis .   a - +0 rapier
rCold    + . .     Gourm    .   e - +0 buckler
rNeg     . . .     Faith    .   b - +0 leather armour
rPois    .         Spirit   .   c - +0 helmet
rElec    .         Reflect  .   (no cloak)
rCorr    .         Harm     .   (no gloves)
MR       .....                  (no boots)
Stlth    ..........             (no amulet)
HPRegen  0.10/turn              h - +3 ring of strength
MPRegen  0.09/turn              l - ring of protection from cold

@: no status effects
A: small, repulsion field 1, blink, carnivore, no stealth
a: Blink, Renounce Religion


You were on level 4 of the Dungeon.
You worshipped Ru.
Ru was noncommittal.
You were very full.

You visited 1 branch of the dungeon, and saw 4 of its levels.

You collected 122 gold pieces.

Inventory:

Hand Weapons
 a - a +0 rapier (weapon)
Missiles
 d - 3 throwing nets (quivered)
Armour
 b - a +0 leather armour (worn)
 c - a +0 helmet (worn)
 e - a +0 buckler (worn)
Jewellery
 h - a +3 ring of strength (left hand)
 l - a ring of protection from cold (right hand)
Scrolls
 g - 2 scrolls of remove curse {unknown}
 i - a scroll of teleportation {unknown}
 j - 3 scrolls of identify {unknown}
 k - 2 scrolls of enchant armour {unknown}
 o - a scroll of magic mapping {unknown}
Potions
 m - a potion of heal wounds {unknown}
 n - a potion of magic {unknown}
Comestibles
 f - 6 rations


   Skills:
 + Level 2.8 Fighting
 * Level 5.1 Short Blades
 - Level 2.1 Throwing
 + Level 1.2 Armour
 + Level 4.2 Dodging
   Level 0.0 Stealth
 + Level 1.0 Shields


You had 4 spell levels left.
You didn't know any spells.
Your spell library was empty.

Dungeon Overview and Level Annotations

Branches:
Dungeon (4/15)
 Temple: D:4-7

Altars:
Cheibriados
Hepliaklqana
Kikubaaqudgha
Okawaru
Ru
The Shining One

Annotations:
D:2 Natasha


Innate Abilities, Weirdness & Mutations

You are small and have problems with some larger weapons.
You are carnivorous and can eat meat at any time.
You cannot be stealthy.
You are surrounded by a mild repulsion field. (EV +2)
You can translocate small distances at will.


Message History

The phantom hits you. The phantom hits you.
* * * LOW HITPOINT WARNING * * *
The phantom hits you but does no damage.
The phantom closely misses you. The phantom completely misses you.
The phantom closely misses you.
The phantom blinks!
The phantom blinks!
The phantom blinks!
You block the phantom's attack. You block the phantom's attack.
The phantom closely misses you.
The phantom hits you but does no damage.
The phantom blinks!
The phantom misses you. The phantom hits you.
* * * LOW HITPOINT WARNING * * *
The phantom hits you!
You die...

## #. #. #.##.# #.
#### #####.##.# #.
##._.###._.##.##.# #.
#.....⌠.....#.##.# #.
#%.⌠..@W.⌠..#.##.# #.
##.........##.##.# #.
###....$####.##.#####.
###'####......).....
#.#.###.###.######
#..........(#.....
########.##.#.####
#.##.#.# ..#.#.####


You could see a phantom.

Vanquished Creatures
  An iguana (D:4)
  2 adders (D:3)
  A worm (D:3)
  2 dart slugs
  2 leopard geckos (D:1)
  9 orcs
  6 bats
  6 giant cockroaches
  8 goblins
  2 hobgoblins (D:2)
  5 kobolds
  2 quokkas (D:4)
  A frilled lizard (D:1)
  A leopard gecko skeleton (D:2)
  4 rats
52 creatures vanquished.

Notes
Turn   | Place    | Note
-------+----------+-------------------------------------------
     0 | D:1      | Hasart the Kobold Gladiator began the quest for the Orb.
     0 | D:1      | Reached XP level 1. HP: 12/12 MP: 1/1
   156 | D:1      | Reached XP level 2. HP: 17/17 MP: 2/2
   284 | D:1      | Reached skill level 1 in Stealth
   577 | D:2      | Found a sacrificial altar of Ru.
   597 | D:2      | Became a worshipper of Ru the Awakened
   607 | D:2      | Reached XP level 3. HP: 22/22 MP: 3/3
   687 | D:2      | Found a glowing golden altar of the Shining One.
   914 | D:2      | Noticed Natasha
   922 | D:2      | Gained mutation: You can translocate small distances at
                  | will. [potion of mutation]
   922 | D:2      | Gained mutation: You are surrounded by a mild repulsion
                  | field. (EV +2) [potion of mutation]
  1212 | D:2      | Found a hazy altar of Hepliaklqana.
  1433 | D:3      | Found an ancient bone altar of Kikubaaqudgha.
  1447 | D:3      | Reached XP level 4. HP: 27/27 MP: 4/4
  1753 | D:3      | Gained mutation: You cannot be stealthy. [Ru sacrifice]
  1821 | D:4      | Reached skill level 5 in Short Blades
  1821 | D:4      | Reached skill level 1 in Armour
  1821 | D:4      | Reached XP level 5. HP: 10/31 MP: 5/5
  1878 | D:4      | Reached skill level 1 in Shields
  1895 | D:4      | Found a snail-covered altar of Cheibriados.
  1895 | D:4      | Found an iron altar of Okawaru.
  1896 | D:4      | Noticed a phantom
  1934 | D:4      | Slain by a phantom

Levels and vault maps discovered:
D:1:      scummos_arrival_star, layout_loops_cross, corexii_leaking_fountain
D:2:      layout_basic, tso_altar, marbit_many_paths, nicolae_ru_awakened_eye,
          minmay_shallow_snake_nest, uniq_natasha
D:3:      layout_basic, nicolae_overflow_hidden_temple, lemuel_doored_altar
D:4:      layout_basic, gammafunk_temple_overflow_pools

Skill      XL: |  1  2  3  4  5 |
---------------+----------------+-----
Stealth        | 1 0 |  0.0
Dodging        | 4 |  4.2
Short Blades   | 5 |  5.1
Armour         | 1 |  1.2
Shields        | 1 |  1.0
Fighting       | |  2.8
Throwing       | |  2.1

Action                   |  1- 3 |  4- 6 || total
-------------------------+-------+-------++-------
Melee: Rapier            |   124 |    82 ||   206
Invok: Sacrifice Stealth |       |     1 ||     1
  Use: Potion            |     1 |       ||     1
 Stab: Sleeping          |     4 |       ||     4
  Eat: Chunk             |    10 |     1 ||    11
Armor: Leather armour    |    28 |     7 ||    35
Dodge: Dodged            |    99 |    56 ||   155
Block: Buckler           |    27 |    13 ||    40

Table legend:
 A = Non-vault XP
 B = Vault XP
 C = Vault XP percentage of total XP
 D = Non-vault monster count
 E = Vault monster count
 F = Vault count percentage of total count
                 A         B        C        D         E       F
            +---------+---------+-------+---------+---------+-------
      Total |     164 |       1 |   0.6 |      51 |       1 |   1.9
            +---------+---------+-------+---------+---------+-------
        D:1 |      25 |       0 |   0.0 |      13 |       0 |   0.0
        D:2 |      29 |       1 |   3.3 |      16 |       1 |   5.9
        D:3 |      58 |       0 |   0.0 |      15 |       0 |   0.0
        D:4 |      52 |       0 |   0.0 |       7 |       0 |   0.0
            +---------+---------+-------+---------+---------+-------
